Unix NetHack Version 5.0.0-0 post-release - last build Jun 10 2026 00:39:30 (3ee93aec679c4c4259841fe613dc97188e26a321,branch:main).

Game began 2026-06-25 15:34:12, ended 2026-06-26 01:50:48.

FalseGod, neutral female human Barbarian

                                                 #
                               ---------        -|------          -----
                               |.......|        |......|          |...|
                               |........        |......|        ##-...|
           ------------        |.......|        |......|       ----...----
           |[[[[..[)[.|        |..---..|        |.......##     ..........|
           |[[%[[[[[..-%      #-..|....|        ---.----#      |.........|
           |][[[[)[.[[|#      #|..---..|           # ##########..........|
           |[[)[[[%[[[|#      #|.......|           ####        ---------.-
           ------------#     ##|.......-#          #                    #
                       #     # |......`|c          #                  ###
                       #     # ---------@#         #               ---.---
         ###############   ###           #         #               |.....|
         #            #    %             #####-----.--------       |..).>|
        -.--        ###    #                 #|....).......|       |.....|
        |..|        #------#                 #|............|       |.....|
        |..|       ##|(<..|#                 #|............|       -------
        ----        #|..).|#                 #|)...........|
                    #%.....#                 #.............|
                     ------                   --------------

FalseGod the Bandit        St:18 Dx:17 Co:18 In:7 Wi:8 Ch:7  Neutral
Dlvl:8  $:0  HP:0(96) Pw:21(21) AC:1  Xp:9 T:6957  Satiated

Latest messages:
 This wall is too hard to dig into.
 You continue digging.
 This wall is too hard to dig into.
 You start digging.
 You hit the rock with all your might.
 You succeed in cutting away some rock.
 Where do you want to travel to?
 (For instructions type a '?')
 What do you want to use or apply? [abfop or ?*] b
 What do you want to stash? [acflopzCOR or ?*] f
 You put a +0 pick-axe into the bag of holding.
 Your movements are now unencumbered.
 Where do you want to travel to?
 (For instructions type a '?')
 The goblin throws an orcish dagger!
 You are hit by an orcish dagger.
 The goblin wields a mace!
 You begin bashing monsters with your bare hands.
 You kill the goblin!
 There is a staircase down here.
 You see here an orcish dagger.
 This door is locked.
 Unlock it with your skeleton key? [ynq] (q) y
 You succeed in unlocking the door.
 The door resists!
 The door opens.
 In what direction? l
 The door closes.
 You smite the centipede!
 You smite the centipede!
 You smite the centipede.
 The centipede just misses!
 You kill the centipede!
 You see here a centipede corpse.
 You climb up the stairs.
 You remember this level as shop + vault.
 Pick a monster, object or location.
 Where do you want to travel to?
 (For instructions type a '?')
 You hear someone searching.
 The cockatrice misses!
 The cockatrice touches you!
 You hear the cockatrice's hissing!
 You smite the cockatrice!
 You turn to stone...
 Do you want your possessions identified? [ynq] (y) y
 Do you want to see your attributes? [ynq] (y) n
 Do you want an account of creatures vanquished? [ynaq] (y) n
 Do you want to see your conduct and achievements? [ynq] (y) n
 Do you want to see the dungeon overview? [ynq] (y) n

Inventory:
 Amulets  ('"')
  R - an uncursed amulet of reflection (being worn)
 Weapons  (')')
  a - a +0 battle-axe (alternate weapon; not wielded)
 Armor    ('[')
  C - an uncursed +0 dented pot (being worn)
  l - an uncursed +0 pair of speed boots (being worn)
  c - an uncursed +0 cloak of protection (being worn)
  O - a cursed -1 elven mithril-coat (being worn)
 Scrolls  ('?')
  z - an uncursed scroll of teleportation
 Wands    ('/')
  p - a wand of make invisible (0:5)
 Tools    ('(')
  b - an uncursed bag of holding containing 59 items
  o - an uncursed skeleton key

Contents of the bag of holding:
  3554 gold pieces
  an uncursed amulet of flying
  a cursed amulet of guarding
  34 +0 darts
  a cursed -1 knife
  an uncursed burnt +0 pair of jumping boots
  an uncursed +0 pair of water walking boots
  a cursed +0 mummy wrapping
  a cursed +0 Hawaiian shirt with a jellyfish motif
  2 cursed slime molds
  an uncursed apple
  an uncursed cream pie
  6 uncursed food rations
  7 cursed food rations
  a cursed fortune cookie
  a cursed sprig of wolfsbane
  7 uncursed tripe rations
  a cursed tripe ration
  2 cursed eggs
  a blessed scroll of blank paper
  2 uncursed scrolls of blank paper
  a cursed scroll of blank paper
  an uncursed scroll of charging
  an uncursed scroll of confuse monster
  an uncursed scroll of destroy armor
  a cursed scroll of destroy armor
  3 uncursed scrolls of enchant armor
  a cursed scroll of enchant armor
  3 cursed scrolls of enchant weapon
  a cursed scroll of food detection
  a cursed scroll of light
  a blessed scroll of magic mapping
  2 cursed scrolls of magic mapping
  5 cursed scrolls of remove curse
  an uncursed scroll of taming
  a cursed scroll of taming
  2 uncursed scrolls of teleportation
  an uncursed potion of extra healing
  a cursed potion of extra healing
  a cursed potion of gain ability
  a blessed potion of healing
  3 uncursed potions of healing
  2 cursed potions of healing
  a blessed potion of levitation
  2 uncursed potions of paralysis
  an uncursed potion of speed
  an uncursed potion of water
  a wand of lightning (0:3)
  a wand of magic missile (0:3)
  a cursed wand of polymorph (0:6)
  a wand of striking (0:4)
  a wand of undead turning (0:4)
  an empty uncursed sack
  a magic flute (0:5)
  a cursed blindfold
  a cursed expensive camera (0:68)
  an uncursed mirror
  a +0 pick-axe
  2 cursed tallow candles

FalseGod the Barbarian's attributes:

Background:
 You were a Bandit, a level 9 female human Barbarian.
 You were neutral, on a mission for Crom
 who was opposed by Mitra (lawful) and Set (chaotic).
 You were right-handed.
 You were in the Dungeons of Doom, on level 8.
 You entered the dungeon 6957 turns ago.
 It was nighttime.
 You had 3152 experience points, 1968 more were needed to attain level 10.

Basics:
 You had 0 out of 96 hit points.
 You had all 21 energy points (spell power).
 Your armor class was 1.
 Your wallet was empty, but
 you had 3554 zorkmids stashed away in your pack.
 Autopickup was off.

Final Characteristics:
 Your strength was 18 (limit:18/100).
 Your dexterity was 17 (peak:18, limit:18).
 Your constitution was 18 (limit:18).
 Your intelligence was 7 (limit:18).
 Your wisdom was 8 (limit:18).
 Your charisma was 7 (limit:18).

Final Status:
 You were satiated.
 You were unencumbered.
 You were bare handed.
 You had basic skill with bare handed combat.

Final Attributes:
 You were piously aligned.
 You were fire resistant.
 You were poison resistant.
 You were telepathic.
 You were protected.
 Your spell casting was impaired by metallic armor.
 You were very fast.
 You had reflection.
 You are dead.

Miscellaneous:
 You encountered 1 bones level.
 Total elapsed playing time was 2 hours, 22 minutes and 16 seconds.

Major events:
 Turn
    1: FalseGod the neutral female human Barbarian entered the dungeon
   48: attained the rank of Pillager (level 3)
  769: entered the Gnomish Mines
 1247: attained the rank of Bandit (level 6)
 2058: reached Mine Town
 6957: petrified by a cockatrice

Spells:
 Name                 Level Category     Fail Retention
 detect monsters        1   divination   100%  76%-100%

Skills:
 Fighting Skills
   bare handed combat [Basic]
   two weapon combat  [Unskilled]
   riding             [Unskilled]
 Weapon Skills
   dagger             [Unskilled]
   axe                [Expert]
   pick-axe           [Unskilled]
   short sword        [Basic]
   broadsword         [Unskilled]
   long sword         [Unskilled]
   two-handed sword   [Unskilled]
   saber              [Unskilled]
   club               [Unskilled]
   mace               [Unskilled]
   morning star       [Unskilled]
   flail              [Unskilled]
   hammer             [Unskilled]
   quarterstaff       [Unskilled]
   spear              [Unskilled]
   trident            [Unskilled]
   bow                [Unskilled]
 Spellcasting Skills
   attack spells      [Unskilled]
   escape spells      [Unskilled]

Voluntary challenges:
 Character rerolling was not enabled.
 You never genocided any monsters.
 You never polymorphed an object.
 You never changed form.
 You used no wishes.
Achievements:
 You attained the rank of Pillager.
 You entered a shop.
 You entered the Gnomish Mines.
 You attained the rank of Bandit.
 You entered Minetown.

 The Dungeons of Doom: levels 1 to 9
    Level 1: "vault"
       A fountain.
    Level 2:
       A general store.
       Stairs down to The Gnomish Mines.
    Level 3:
       A general store, some fountains.
    Level 4: "shop"
       A scroll shop.
    Level 5: "unicorn"
       A sink, a grave.
    Level 6: "luckstone?"
       A general store.
    Level 7: "vault"
       Some fountains, a grave.
       Final resting place for
          atorox-Tou-Hum-Mal-Neu, killed by a raven.
    Level 8: "shop + vault" <- You were here.
       An armor shop.
       Final resting place for
          you, petrified by a cockatrice.
    Level 9:
       Many fountains.
 The Gnomish Mines: levels 3 to 6
    Level 3:
    Level 4:
    Level 5:
    Level 6:


Vanquished creatures:
  a vampire
  a ghost
 an elf-noble
  2 wargs
  4 small mimics
 an elf mummy
  a carnivorous ape
  a Grey-elf
  a cockatrice
  a lynx
 an iron piercer
  a scorpion
  a black light
  a forest centaur
 an ogre
  a yeti
  a gold golem
  a raven
  a snake
  a human zombie
  2 soldier ants
  a bugbear
 an imp
  6 Mordor orcs
 an orc shaman
  2 rock piercers
  a rock mole
  a pony
  5 fog clouds
  a yellow light
  a shrieker
  9 gnome leaders
  a gnomish wizard
  a kobold mummy
  a golden naga hatchling
  3 gray oozes
  a straw golem
  2 paper golems
  a giant ant
  3 floating eyes
  a kitten
  8 dwarves
  2 homunculi
  a kobold leader
  a kobold shaman
  3 hill orcs
  a rothe
  a centipede
  a giant bat
  3 orc zombies
  3 wererats
  2 werejackals
  3 iguanas
 21 killer bees
 an acid blob
  3 coyotes
  2 gas spores
  2 hobbits
  2 manes
  3 large kobolds
  2 hobgoblins
  2 giant rats
  2 yellow molds
 25 gnomes
  a garter snake
  3 gnome zombies
  a gecko
  3 jackals
  a fox
  a kobold
  2 goblins
  9 grid bugs
  a bat
  a kobold zombie
  6 newts
192 creatures vanquished.

No species were genocided or became extinct.

Game over:
                       ----------
                      /          \
                     /    REST    \
                    /      IN      \
                   /     PEACE      \
                  /                  \
                  |     FalseGod     |
                  |     3554 Au      |
                  |  petrified by a  |
                  |    cockatrice    |
                  |                  |
                  |                  |
                  |       2026       |
                 *|     *  *  *      | *
        _________)/\\_//(\/(/\)/\//\/|_)_______

Goodbye FalseGod the Barbarian...

You turned to stone in The Dungeons of Doom on dungeon level 8 with 16257 points,
and 3554 pieces of gold, after 6957 moves.
You were level 9 with a maximum of 96 hit points when you turned to stone.

